 Dungeon Crawl Stone Soup version 0.31-a0-339-gda1cbd555d (webtiles) character file.

Game seed: 10364571089925640408

2594 Newt the Trooper (level 9, 0/68 (69) HPs)
             Began as a Demonspawn Gladiator on July 20, 2023.
             Was a Priest of Okawaru.
             Slain by a wight
             ... wielding a +4 halberd
              (11 damage)
             ... on level 7 of the Dungeon.
             The game lasted 00:06:55 (5449 turns).

Newt the Trooper (Demonspawn Gladiator)             Turns: 5449, Time: 00:06:56

HP:   0/68 (69)     AC: 15    Str: 16    XL:     9   Next: 33%
MP:   9/9           EV: 11    Int:  9    God:    Okawaru [***...]
Gold: 173           SH:  0    Dex: 18    Spells: 8/8 levels left

rFire   + + .        g - +7 long sword
rCold   x . .        (no shield)
rNeg    . . .        z - +0 fire dragon scales
rPois   .            c - +0 helmet
rElec   .            (no cloak)
rCorr   .            (no gloves)
SInv    .            (no boots)
Will    .....        (no amulet) Stlth
                     m - +4 ring of protection
HPRegen 0.31/turn    k - ring of flight
MPRegen 0.11/turn

%: no passive effects
@: flying, lightly drained
A: hooves 1, ignite blood 1, spiny 3
a: Renounce Religion, Heroism


You were on level 7 of the Dungeon.
You worshipped Okawaru.
Okawaru was most pleased with you.
You visited 1 branch of the dungeon, and saw 7 of its levels.

You collected 309 gold pieces.
You spent 136 gold pieces at shops.

Inventory:

Hand Weapons
 a - a +0 rapier
 g - a +7 long sword (weapon)
 l - a +1 short sword of venom
 v - a +2 short sword of venom
Missiles
 w - a javelin
Armour
 b - a +0 leather armour
 c - a +0 helmet (worn)
 z - +0 fire dragon scales (worn)
Jewellery
 k - a ring of flight (right hand)
 m - a +4 ring of protection (left hand)
Talismans
 n - a granite talisman
Wands
 p - a wand of polymorph (22)
 y - a wand of iceblast (7)
 B - a wand of flame (16)
Scrolls
 h - 4 scrolls of noise
 o - 2 scrolls of blinking
 s - a scroll of teleportation
 x - a scroll of identify
Potions
 e - 2 potions of haste
 f - 3 potions of degeneration
 i - 5 potions of curing
 j - 2 potions of enlightenment
 q - a potion of brilliance
 r - 2 potions of heal wounds
 t - a potion of mutation
 u - a potion of lignification
 A - a potion of might {unknown}


   Skills:
 - Level 6.0 Fighting
 - Level 4.0(5.2) Short Blades
 - Level 5.3(6.0) Long Blades
 - Level 4.2 Throwing
 + Level 5.3 Armour
 - Level 4.0 Dodging
 - Level 4.0 Evocations


You had 8 spell levels left.
You didn't know any spells.
Your spell library contained the following spells:

 Spells                   Type           Power      Damage    Failure   Level
 Foxfire                  Conj/Fire      0%         2x1d4     86%         1
 Sublimation of Blood     Necr           0%         N/A       95%         2
 Wereblood                Tmut           0%         N/A       95%         2
 Ozocubu's Armour         Ice            0%         N/A       99%         3
 Olgreb's Toxic Radiance  Pois           0%         N/A       100%        4
 Plasma Beam              Fire/Air       0%         2x1d10    100%        6
 Starburst                Conj/Fire      0%         6d3       100%        6
 Summon Hydra             Summ           Unusable   N/A       N/A         7

Dungeon Overview and Level Annotations

Branches:
Dungeon (7/15)             Temple (0/1) D:6

Altars:
Fedhas
Hepliaklqana
Okawaru
Qazlal
Trog
Xom
Yredelemnul

Shops:
D:2 !   D:4 *(

Annotations:
D:3 3 runed translucent doors, HotCheetoh's ghost, amateur MiFi
D:4 2 transporters, salammoniac's ghost, amateur DrSh


Innate Abilities, Weirdness & Mutations

You have large cloven feet.
Your demonic aura sometimes causes spilled blood to erupt in flames.
You are completely covered in sharp spines.


Message History

Throw: throwing net
Press: ? - help, Shift-Dir - straight line, f/p - ogre
Aim: an ogre, wielding a +0 giant club (77% to hit)
You throw a throwing net.
The throwing net barely misses the ogre.
Something wriggles in the net.
Unknown command.
Something wriggles in the net.
The wight hits you but does no damage.
You slice something!! Okawaru accepts your kill.
Reactivating autopickup.
You feel a bit more experienced.
You hear the brisk hiss of an avalanche of sand nearby.
The wight misses you.
Your Armour skill increases to level 5!
You hit the ogre.
The ogre is moderately wounded.
The wight misses you.
The ogre is engulfed in blazing flames.
The ogre is struck by your spines. The ogre hits you with a +0 giant club!
* * * LOW HITPOINT WARNING * * *
Unknown command.
You slash the ogre!
You kill the ogre!
Okawaru accepts your kill. The wight hits you but does no damage.
Unknown command.
The wight is struck by your spines. The wight hits you but does no damage.
There is an open door, spattered with blood here.
You see here a +0 giant club.
You hit the wight but do no damage.
The wight is moderately damaged.
The wight barely misses you. The wight hits you with a +4 halberd.
* * * LOW HITPOINT WARNING * * *
You feel drained.
* * * LOW HITPOINT WARNING * * *
Unknown command.
You hit the wight.
The wight is heavily damaged.
The wight hits you with a +4 halberd!
You die...

# #... # .#########.# #### ##.
...##......# #..### #.. #..#
#......### .....###
##..###...###......... .......###
#....(#..# #.......###
.......'.#####..)...# #..........
.#....##.).#.###)z.## #.####.....
......#...##...#@#.# #.#..'.)...
####..###.'......######.#.##.....
##...###†.#..##......#.###)...
##...#......###.#####.# #.###
##..###...## #.# #.###.###
##...###.# #.# #.#.....#
##....######.# #...#.#.#
####........# ###.#.#.#
###..###########.#.# #


You could see a wight.

Vanquished Creatures
  Sigmund (D:6)
  A yak (D:7)
  A water moccasin (D:7)
  A sky beast (D:7)
  2 ice beasts
  4 ogres
  A phantom (D:6)
  A kobold brigand (D:7)
  Blork the orc (D:5)
  A bullfrog (D:6)
  6 scorpions
  5 wights (D:6)
  A gnoll bouda (D:6)
  2 jellies
  3 orc priests
  2 sleepcaps (D:7)
  2 iguanas
  Natasha (thrice) (D:2)
  3 orc wizards
  7 gnolls (D:6)
  9 adders
  A shadow imp (D:6)
  A white imp (D:6)
  An ufetubus (D:5)
  5 worms
  A dart slug (D:4)
  10 orcs
  An endoplasm (D:3)
  4 giant cockroaches
  5 goblins
  9 hobgoblins
  8 jackals
  2 quokkas (D:4)
  9 ball pythons
  4 bats
  4 frilled lizards
  8 kobolds
  6 rats
136 creatures vanquished.

Notes
Turn   | Place    | Note
-------+----------+-------------------------------------------
     0 | D:1      | Newt the Demonspawn Gladiator began the quest for the Orb.
     0 | D:1      | Reached XP level 1. HP: 16/16 MP: 1/1
   136 | D:1      | Gained mutation: Your demonic aura sometimes causes spilled
                  | blood to erupt in flames. [demonic ancestry]
   136 | D:1      | Reached XP level 2. HP: 18/23 MP: 2/2
   162 | D:1      | Found a faded altar of an unknown god.
   235 | D:1      | Reached skill level 3 in Fighting
   848 | D:2      | Reached XP level 3. HP: 29/29 MP: 3/3
   954 | D:2      | Found Tuoreren's Distillery.
   967 | D:2      | Bought 2 potions of curing for 84 gold pieces
   968 | D:2      | Got the Reference Book on Glaciation and Toxicants
  1107 | D:2      | Noticed Natasha
  1118 | D:2      | Killed Natasha
  1119 | D:2      | Reached skill level 4 in Fighting
  1119 | D:2      | Reached XP level 4. HP: 37/37 MP: 4/4
  1330 | D:2      | Noticed Natasha
  1352 | D:2      | Killed Natasha
  1602 | D:2      | Noticed Natasha
  1614 | D:2      | Killed Natasha
  1785 | D:3      | Reached XP level 5. HP: 41/42 MP: 5/5
  2119 | D:3      | Found a runed translucent gate.
  2119 | D:3      | Found a runed translucent gate.
  2121 | D:3      | Found a runed translucent gate.
  2124 | D:3      | Noticed HotCheetoh's ghost (amateur MiFi)
  2302 | D:4      | Found an iron altar of Okawaru.
  2322 | D:4      | Found a shimmering altar of Xom.
  2324 | D:4      | Found a bloodstained altar of Trog.
  2352 | D:4      | Found a stormy altar of Qazlal.
  2354 | D:4      | Found a blossoming altar of Fedhas.
  2441 | D:4      | Became a worshipper of Warmaster Okawaru
  2473 | D:4      | Found a transporter.
  2473 | D:4      | Noticed salammoniac's ghost (amateur DrSh)
  2527 | D:4      | Gained mutation: You are partially covered in sharp spines.
                  | [demonic ancestry]
  2527 | D:4      | Reached XP level 6. HP: 33/49 MP: 6/6
  2659 | D:4      | Found a transporter.
  2719 | D:4      | Found Qaarryng's Weapon Boutique.
  2749 | D:4      | Found a basalt altar of Yredelemnul.
  2775 | D:4      | Found Molantug's Assorted Antiques.
  2783 | D:4      | Bought a scroll labelled BADAFY JOQEISS for 26 gold pieces
  2783 | D:4      | Bought a scroll labelled JURREU TACEPS for 26 gold pieces
  2840 | D:4      | Reached skill level 5 in Fighting
  2858 | D:4      | Reached * piety under Okawaru
  3070 | D:5      | Entered Level 5 of the Dungeon
  3245 | D:5      | Noticed Blork the orc
  3256 | D:5      | Killed Blork the orc
  3257 | D:5      | Reached skill level 6 in Fighting
  3257 | D:5      | Reached skill level 1 in Evocations
  3257 | D:5      | Gained mutation: You are mostly covered in sharp spines.
                  | [demonic ancestry]
  3257 | D:5      | Reached XP level 7. HP: 11/58 MP: 7/7
  3542 | D:5      | Reached skill level 1 in Armour
  4014 | D:6      | Reached ** piety under Okawaru
  4024 | D:6      | Gained mutation: You are completely covered in sharp
                  | spines. [demonic ancestry]
  4024 | D:6      | Reached XP level 8. HP: 23/64 MP: 8/8
  4530 | D:6      | Reached skill level 1 in Long Blades
  4671 | D:6      | Found a staircase to the Ecumenical Temple.
  4767 | D:6      | Noticed Sigmund
  4772 | D:6      | Killed Sigmund
  4913 | D:6      | Reached *** piety under Okawaru
  4966 | D:6      | Found a hazy altar of Hepliaklqana.
  5190 | D:7      | Reached skill level 5 in Long Blades
  5359 | D:7      | Gained mutation: You have large cloven feet. [demonic
                  | ancestry]
  5359 | D:7      | Reached XP level 9. HP: 67/69 MP: 9/9
  5445 | D:7      | Reached skill level 5 in Armour
  5449 | D:7      | Slain by a wight

Illustrated notes

Levels and vault maps discovered:
D:1:      ncdulo_lavacross, layout_rooms, hellmonk_ecumenical_altar_dog_temple,
          nicolae_wormholes
D:2:      layout_rooms, serial_shops, shop, uniq_natasha
D:3:      layout_rooms, gammafunk_ghost_necromancy, guppyfry_early_lair_pool
D:4:      layout_rooms, general_overflow_altar,
          nicolae_overflow_macrodata_refinement, mainiacjoe_overflow_catwalk,
          gammafunk_ghost_mausoleum, serial_shops, nicolae_shop_peninsula,
          nicolae_shop_bloodbath_and_beyond, minmay_strange_pillars,
          minmay_vboxes
D:5:      layout_basic, uniq_blork_the_orc
D:6:      layout_loops_cross, tso_oasis_becter, kennysheep_little_box,
          minmay_temple_entry_mist, uniq_sigmund
D:7:      minmay_slanted_spiral_squares, layout_basic,
          overflow_temple_1_default, nicolae_ossuary_entry_catacombs,
          hangedman_abyss_or_decor_stabs, nicolae_figureground_sparkle,
          uniq_duvessa

Skill      XL: |  1  2  3  4  5  6  7  8  9 |
---------------+----------------------------+-----
Fighting       | 3 4 6 |  6.0
Short Blades   | 3 4 |  4.0
Dodging        | 4 |  4.0
Evocations     | 1 4 |  4.0
Armour         | 3 5 |  5.3
Throwing       | 2 4 |  4.2
Long Blades    | 5 |  5.3

Action                     |  1- 3 |  4- 6 |  7- 9 || total
---------------------------+-------+-------+-------++-------
  Melee: Rapier            |    44 |       |       ||    44
         Punch             |     1 |       |     2 ||     3
         Short sword       |    40 |   188 |    77 ||   305
         Unarmed           |     2 |    30 |       ||    32
         Long sword        |       |       |    66 ||    66
         Kick              |       |       |     6 ||     6
  Throw: Throwing net      |     1 |     1 |     4 ||     6
         Javelin           |     1 |       |     1 ||     2
    Use: Scroll            |     4 |     8 |     6 ||    18
   Stab: Distracted        |     1 |       |       ||     1
         Held in net/web   |       |       |     2 ||     2
 Armour: Leather armour    |    21 |    48 |    23 ||    92
         Skin              |     1 |     6 |       ||     7
         Fire dragon scale |       |       |    30 ||    30
  Dodge: Dodged            |    73 |   129 |    67 ||   269

Table legend: (Time is in decaauts)
 A = Elapsed time spent in this place.
 B = Non-inter-level travel time spent in this place.
 C = Inter-level travel time spent in this place.
 D = Time resting spent in this place.
 E = Time spent auto-exploring this place.
 F = Levels seen in this place.
 G = Mean time per level.
                   A        B        C        D        E       F      G
               +--------+--------+--------+--------+--------+-----+--------+
         Total |   5390 |   5223 |    167 |   1161 |   3078 |   7 |  770.0 |
       Dungeon |   5390 |   5223 |    167 |   1161 |   3078 |   7 |  770.0 |
               +--------+--------+--------+--------+--------+-----+--------+

Top non-repeatable levels by time:
     D:6: 1144 daAuts
     D:1: 1038 daAuts
     D:5: 914 daAuts
     D:4: 751 daAuts
     D:2: 719 daAuts
     D:3: 514 daAuts
     D:7: 308 daAuts
